 Dungeon Crawl Stone Soup version 0.26-a0-612-gd4d190f45e (webtiles) character file.

Game seed: 4469776827155775106

626759 necrosphere the Swordmaster (level 27, -1/249 HPs)
             Began as a Barachi Hunter on Sept 8, 2020.
             Was an Elder of Zin.
             Slain by a reaper
             ... wielding a +2 scythe of distortion
              (14 damage)
             ... in the Vestibule of Hell on Sept 9, 2020.
             The game lasted 04:06:06 (92265 turns).

necrosphere the Swordmaster (Barachi Hunter)       Turns: 92265, Time: 04:06:07

Health: -1/249     AC: 44    Str: 33    XL:     27
Magic:  28/28      EV: 16    Int: 15    God:    Zin [****..]
Gold:   8082       SH:  4    Dex: 13    Spells: 26/26 levels left

rFire    + . .     SeeInvis +   l - +9 triple sword (holy)
rCold    + . .     Faith    +   (shield currently unavailable)
rNeg     . . .     Spirit   .   G - +12 gold dragon scales
rPois    +         Reflect  .   D - +3 crown of Dyrovepreva {rElec Int+2 SInv}
rElec    +         Harm     .   i - +0 cloak {rCorr}
rCorr    +         Rnd*Rage +   J - +0 pair of gloves {Str+3}
MR       ++...                  z - +0 pair of boots {Fly}
Stlth    ..........             y - amulet "Kiaz" {Faith Str+2 Dex-5 Slay+6}
HPRegen  0.00/turn              f - ring of Astratruz {+Fly Slay+3 Stlth-}
MPRegen  0.21/turn              e - +6 ring of strength

@: liquid flames, flying, non-regenerating, mildly diseased, glowing, studying
Shields, slow
A: +LOS, swims, fangs 1, large bone plates 1, berserk 1, low mp 1, poison
resistance, slowness 1, strong 1, subdued magic 1, strong legs 2
}: 4/15 runes: serpentine, barnacled, slimy, silver
a: Hop, Recite, Vitalisation, Imprison, Donate Gold, Renounce Religion, Stop
Flying


You were in the Vestibule of Hell.
You worshipped Zin.
Zin was greatly pleased with you.
You visited 12 branches of the dungeon, and saw 53 of its levels.
You visited the Abyss 1 time.
You also visited: Ossuary, Bailey, Ice Cave and Desolation.

You collected 12396 gold pieces.
You spent 4188 gold pieces at shops.
You donated 126 gold pieces to Zin.

Inventory:

Hand Weapons
 l - a +9 triple sword of holy wrath (weapon)
 o - the +7 hand crossbow "Rygiy" {flame, +Blink Int+3 Dex+2}
   (You found it on level 9 of the Dungeon)

   It causes projectiles fired from it to burn those they strike, causing extra
   injury to most foes and up to half again as much damage against particularly
   susceptible opponents.
   It affects your intelligence (+3).
   It affects your dexterity (+2).
   It lets you blink.
 A - the +6 arbalest "Damnation" {damnation}
   (You found it on level 3 of the Elven Halls)

   Zin disapproves of the use of such an item.
 X - the +18 lance "Wyrmbane" {slay drac, rPois rF+ rC+ AC+3}
   (You found it in an ice cave)

   It affects your AC (+3).
   It protects you from fire.
   It protects you from cold.
   It protects you from poison.
Missiles
 d - 1456 bolts
 h - 63 javelins (quivered)
 N - 33 silver javelins
Armour
 i - a +0 cloak of preservation (worn)
 z - a +0 pair of boots of flying (worn)
 D - the +3 crown of Dyrovepreva (worn) {rElec Int+2 SInv}
   (You found it on level 3 of the Elven Halls)

   It affects your intelligence (+2).
   It insulates you from electricity.
   It lets you see invisible.
 G - +12 gold dragon scales (worn)
 J - a +0 pair of gloves of strength (worn)
 Z - a +1 cloak of magic resistance
Jewellery
 a - the amulet of the Shining Light {Faith Fragile rPois rC+++ Slay+3}
   (You took it off a deep elf blademaster on level 3 of the Elven Halls)

   [amulet of faith]

   It allows you to gain divine favour quickly.
   It affects your accuracy and damage with ranged weapons and melee attacks
   (+3).
   It renders you almost immune to cold.
   It protects you from poison.
   It will be destroyed if unequipped.
 e - a +6 ring of strength (right hand)
 f - the ring of Astratruz (left hand) {+Fly Slay+3 Stlth-}
   (You bought it in a shop on level 3 of the Vaults)

   [ring of attention]

   It affects your accuracy and damage with ranged weapons and melee attacks
   (+3).
   It lets you fly.
   It makes you less stealthy.
 k - an uncursed amulet of regeneration
 y - the amulet "Kiaz" (around neck) {Faith Str+2 Dex-5 Slay+6}
   (You found it on level 5 of the Lair of Beasts)

   [amulet of faith]

   It allows you to gain divine favour quickly.
   It affects your strength (+2).
   It affects your dexterity (-5).
   It affects your accuracy and damage with ranged weapons and melee attacks
   (+6).
Wands
 b - a wand of digging (28)
 x - a wand of acid (30)
 B - a wand of iceblast (70)
 E - a wand of disintegration (20)
Scrolls
 g - 8 scrolls of fog
 p - 8 scrolls of blinking
 r - 13 scrolls of immolation
 s - 2 scrolls of holy word
 u - 23 scrolls of remove curse
 L - 29 scrolls of teleportation
 S - 10 scrolls of magic mapping
 W - 3 scrolls of fear
 Y - a scroll of silence
Potions
 c - 10 potions of haste
 j - 10 potions of berserk rage
 m - 10 potions of might
 n - 11 potions of cancellation
 t - 20 potions of curing
 v - 10 potions of lignification
 w - 2 potions of resistance
 F - 4 potions of magic
 H - 5 potions of mutation
 I - 14 potions of brilliance
 O - 9 potions of invisibility
 P - 6 potions of ambrosia
 R - a potion of stabbing
 U - 2 potions of heal wounds
Books
 M - a manual of Shields
Miscellaneous
 C - a tin of tremorstones (3/3)
 K - a phial of floods
 T - a condenser vane (2/2)
 V - a phantom mirror


   Skills:
 O Level 27 Fighting
   Level 1.2(17.4) Short Blades
 O Level 27 Long Blades
 - Level 7.0 Polearms
 - Level 18.2 Crossbows
 - Level 5.7 Throwing
 - Level 21.4 Armour
 - Level 16.3 Dodging
 - Level 1.0 Stealth
 - Level 4.0 Shields
 + Level 10.9 Invocations
 - Level 7.9 Evocations


You had 26 spell levels left.
You didn't know any spells.
Your spell library contained the following spells:

 Spells                   Type           Power        Failure   Level
 Animate Skeleton         Necr           #.....       87%         1
 Corona                   Hex            #......      87%         1
 Foxfire                  Conj/Fire      #...         87%         1
 Magic Dart               Conj           #...         87%         1
 Pain                     Necr           #...         87%         1
 Sandblast                Erth           #.....       87%         1
 Shock                    Conj/Air       #...         87%         1
 Sting                    Tmut/Pois      #...         87%         1
 Summon Small Mammal      Summ           #...         87%         1
 Blink                    Tloc           N/A          95%         2
 Call Imp                 Summ           #.......     95%         2
 Corpse Rot               Necr/Air       N/A          95%         2
 Ensorcelled Hibernation  Hex/Ice        #.....       95%         2
 Passwall                 Tmut/Erth      #.......     95%         2
 Poisonous Vapours        Pois/Air       #.....       95%         2
 Searing Ray              Conj           #.....       95%         2
 Slow                     Hex            #.......     95%         2
 Swiftness                Air            #.......     95%         2
 Call Canine Familiar     Summ           #.......     99%         3
 Confusing Touch          Hex            #.......     99%         3
 Conjure Flame            Conj/Fire      #.......     99%         3
 Dazzling Flash           Conj/Hex       #.....       99%         3
 Gell's Gravitas          Tloc           #.........   99%         3
 Ignite Poison            Fire/Tmut/Pois #.......     99%         3
 Inner Flame              Hex/Fire       #.......     99%         3
 Lesser Beckoning         Tloc           #.........   99%         3
 Mephitic Cloud           Conj/Pois/Air  #.......     99%         3
 Portal Projectile        Hex/Tloc       #.....       99%         3
 Static Discharge         Conj/Air       #.......     99%         3
 Stone Arrow              Conj/Erth      #.....       99%         3
 Summon Guardian Golem    Hex/Summ       #.......     99%         3
 Teleport Other           Tloc           #.......     99%         3
 Tukima's Dance           Hex            #.......     99%         3
 Vampiric Draining        Necr           #.........   99%         3
 Airstrike                Air            #.........   100%        4
 Animate Dead             Necr           #.........   100%        4
 Dispel Undead            Necr           #.......     100%        4
 Fulminant Prism          Conj/Hex       #.........   100%        4
 Hailstorm                Conj/Ice       #.......     100%        4
 Iskenderun's Mystic Bla  Conj/Tloc      #.......     100%        4
 Leda's Liquefaction      Hex/Erth       #.........   100%        4
 Olgreb's Toxic Radiance  Pois           #.......     100%        4
 Passage of Golubria      Tloc           N/A          100%        4
 Sticky Flame             Conj/Fire      #.......     100%        4
 Summon Ice Beast         Ice/Summ       #.......     100%        4
 Summon Lightning Spire   Summ/Air       #.......     100%        4
 Agony                    Necr           #.......     100%        5
 Alistair's Intoxication  Tmut/Pois      #........    100%        5
 Bolt of Magma            Conj/Fire/Erth #.........   100%        5
 Borgnjor's Vile Clutch   Necr/Erth      #.........   100%        5
 Excruciating Wounds      Necr           #.........   100%        5
 Fireball                 Conj/Fire      #.........   100%        5
 Irradiate                Conj/Tmut      #.........   100%        5
 Iskenderun's Battlesphe  Conj           #.......     100%        5
 Lightning Bolt           Conj/Air       #.........   100%        5
 Metabolic Englaciation   Hex/Ice        #.........   100%        5
 Silence                  Hex/Air        #.........   100%        5
 Summon Demon             Summ           #.........   100%        5
 Summon Forest            Summ/Tloc      #.........   100%        5
 Summon Mana Viper        Hex/Summ       #.......     100%        5
 Death Channel            Necr           #.........   100%        6
 Eringya's Noxious Bog    Tmut/Pois      #.........   100%        6
 Freezing Cloud           Conj/Ice/Air   #.........   100%        6
 Hydra Form               Tmut           #.........   100%        6
 Invisibility             Hex            #.......     100%        6
 Iron Shot                Conj/Erth      #.........   100%        6
 Shadow Creatures         Summ           N/A          100%        6
 Simulacrum               Ice/Necr       #.........   100%        6
 Statue Form              Tmut/Erth      #........    100%        6
 Dragon Form              Tmut           #.........   100%        7
 Malign Gateway           Summ/Tloc      #.........   100%        7
 Monstrous Menagerie      Summ           #.........   100%        7
 Spellforged Servitor     Conj/Summ      #.........   100%        7
 Summon Greater Demon     Summ           #.........   100%        7
 Summon Hydra             Summ           #.........   100%        7
 Discord                  Hex            #.........   100%        8
 Summon Horrible Things   Summ           #.........   100%        8
 Shatter                  Erth           #.........   100%        9
 Tornado                  Air            #.........   100%        9


Dungeon Overview and Level Annotations

Branches:
Dungeon (15/15)            Temple (1/1) D:6            Lair (6/6) D:10
 Shoals (4/4) Lair:3        Snake (4/4) Lair:4        Slime (5/5) Lair:6
    Orc (2/2) D:12            Elf (3/3) Orc:2        Vaults (5/5) D:14
  Crypt (0/3) Vaults:3     Depths (5/5) D:15           Hell (1/1)
    Zot (2/5) Depths:5    Ossuary (visited)          Bailey (visited)
  IceCv (visited)         Desolation (visited)
    Dis: Hell:1         Geh: Hell:1         Coc: Hell:1         Tar: Hell:1

Altars:
Ashenzari
Cheibriados
Dithmenos
Elyvilon
Fedhas
Gozag
Hepliaklqana
Kikubaaqudgha
Makhleb
Nemelex Xobeh
Okawaru
Qazlal
Ru
Sif Muna
Trog
Uskayaw
Vehumet
Wu Jian
Xom
Yredelemnul
Zin
The Shining One
Beogh
Jiyva

Shops:
D:7 *   Orc:1 *   Orc:2 [=?=   Elf:1 (   Vaults:1 !   Vaults:3 (=!(
Vaults:4 *   Depths:3 :

Portals:
Hell: Depths:1 Depths:2 Depths:3 Depths:4 Depths:5
Abyss: Lair:4 Depths:3 Depths:4
Pandemonium: Depths:2 Depths:3
Ziggurat: Depths:3

Annotations:
D:10 1 runed translucent door, haldagan's ghost, journeyman KoBr
Snake:3 3 runed translucent doors, Plog's ghost, adept DrIE
Elf:2 3 runed translucent doors
Depths:2 2 transporters
Hell Geryon


Innate Abilities, Weirdness & Mutations

You can be seen from farther away. (+LOS)
You can swim through water.
You cover ground slowly.
You can hop long distances.
You have very sharp teeth.
You are partially covered in large bone plates. (SH +4)
You tend to lose your temper in combat.
Your magical capacity is low. (-10% MP)
Your system is resistant to poisons. (rPois)
Your muscles are strong. (Str +2)
Your spells are a little easier to cast, but a little less powerful.


Message History

The hell knight casts a spell.
The hell knight seems to speed up.
Geryon tail-slaps you but does no damage.
The caustic shrike zombie claws you but does no damage.
The revenant conjures spectral mists around you.
The spectral mist engulfs the ice dragon zombie but does no damage.
The ice devil is engulfed in spectral mist.
The ice devil hits you but does no damage.
The hell knight is engulfed in spectral mist.
The hell knight casts a spell.
The hell knight seems to speed up.
The hell knight gestures wildly while chanting.
The hell knight blinks!
The fire giant zombie hits you but does no damage.
The ice devil hits you.
* * * LOW HITPOINT WARNING * * *
The ice devil freezes you! You resist.
* * * LOW HITPOINT WARNING * * *
The reaper hits you but does no damage. x2; Space warps horribly around you!
You die...

..#...#........ .
......2...... .
.. ........... ..
... ......... ...
...h p..p... ....
.....#ZZZ.. .....
....p☼Zp2p ......
.#...LZ4p#2......
....Z4pp@Z2...h..
..§.ZZp4ZZZ....4≈
.....ZE&2p.....≈≈
......Z§Z..#...≈≈
....p....... ..≈≈
...h......... ..§
.§∩........... 3.
.#.......#..... .
........p..p...


You could see Geryon, a revenant, 4 reapers, a balrug, 10 hell knights, a soul
eater, 2 ice devils, a water elemental, 3 necromancers, 2 red devils, 3 hell
hounds, an eight-headed hydra simulacrum, a six-headed hydra zombie, a cane toad
zombie, a fire dragon zombie, 2 ice dragon zombies, a spriggan berserker zombie,
2 yaktaur captain zombies, an ettin zombie, 3 fire giant zombies, a caustic
shrike zombie and an eight-headed hydra skeleton.

Vanquished Creatures
  the Royal Jelly (Slime:5)
  An ancient lich (Vaults:5)
  An orb of fire (Zot:1)
  Mennas (Depths:3)
  2 juggernauts (Depths:4)
  Frederick (Depths:4)
  Saint Roka (Snake:2)
  Bai Suzhen (Vaults:4)
  Vashnia (Snake:2)
  5 caustic shrikes (Depths:4)
  A curse toe (Zot:1)
  3 golden dragons
  Nikola (Snake:4)
  A bone dragon (Depths:5)
  10 tentacled monstrosities
  A lich (Depths:2)
  9 titans
  Asterion (Vaults:1)
  3 deep elf master archers
  4 quicksilver dragons
  17 acid blobs
  4 deep elf blademasters
  A kraken (Shoals:3)
  4 death cobs
  Frances (Elf:1)
  7 sphinxes
  7 storm dragons
  3 tentacled starspawn (Abyss:3)
  The ghost of Tinttamiau the Destroyer, an adept DgCj (Shoals:4)
  12 shadow dragons
  Agnes (Elf:1)
  4 tengu reavers
  Donald (Snake:3)
  10 azure jellies
  7 nagarajas
  9 fire giants
  2 imperial myrmidons (Desolation)
  Louise (Snake:4)
  8 deep elf sorcerers
  Aizul (Shoals:2)
  16 vault wardens
  2 iron dragons
  A draconian scorcher (Depths:5)
  A draconian knight (Zot:1)
  7 frost giants
  An orc warlord (Orc:1)
  A ghost moth (Zot:2)
  8 deep elf elementalists
  A balrug (Depths:1)
  5 spriggan defenders
  A draconian shifter (Depths:5)
  A caustic shrike skeleton (Depths:1)
  19 ironheart preservers
  15 stone giants
  5 war gargoyles
  16 very ugly things
  2 green draconians
  6 deep elf annihilators
  Nessos (Lair:5)
  6 deep elf demonologists
  3 black draconians
  2 halazid warlocks (Desolation)
  2 purple draconians
  5 white draconians
  Azrael (Elf:1)
  4 red draconians
  2 starcursed masses (Abyss:3)
  4 yellow draconians
  3 eidola
  A lorocyproca (Depths:1)
  7 spark wasps
  The ghost of RedRedRas the Unseen, a journeyman SpDe of Makhleb (Shoals:2)
  2 blizzard demons (IceCv)
  5 ettins
  6 deep elf death magi
  8 fire dragons
  3 merfolk javelineers (Shoals:4)
  2 spectral krakens (Shoals:4)
  6 deep elf high priests
  12 death oozes
  4 merfolk impalers
  21 ogre magi
  27 yaktaur captains
  5 ragged hierophants (Desolation)
  2 spriggan air magi
  A hell beast (Elf:1)
  3 servants of whispers (Desolation)
  38 vault guards
  Harold (D:7)
  12 great orbs of eyes
  9 naga warriors
  8 peacekeepers
  8 rakshasas
  15 ice dragons
  An alligator snapping turtle (Shoals:1)
  9 hydras
  A death knight (Vaults:5)
  The ghost of Tiynuago the Grappler, a journeyman VSFi of Cheibriados (Lair:4)
  8 anacondas
  59 two-headed ogres
  9 tengu warriors
  6 merfolk aquamancers (Shoals:4)
  3 merfolk avatars
  3 satyrs
  10 deep troll earth magi
  8 centaur warriors
  13 dancing weapons
  8 deep troll shamans
  2 vampire magi
  4 death yaks (Lair:6)
  7 hell hogs
  2 orc high priests
  8 naga sharpshooters
  3 thrashing horrors
  8 spriggan berserkers
  5 shock serpents
  A storm dragon zombie (Hell)
  3 sun demons
  3 soul eaters
  A fire crab (Lair:6)
  3 iron trolls
  23 deep elf knights
  3 skeletal warriors (Vaults:2)
  2 wretched stars (Abyss:3)
  3 sixfirhies (Abyss:3)
  2 salamander mystics (Snake:2)
  5 hell knights
  12 sea snakes
  3 glowing orange brains (Depths:4)
  2 spatial maelstroms (Abyss:3)
  3 wizards
  2 unseen horrors
  3 flayed ghosts
  A torturous demonspawn (Depths:3)
  2 kraken simulacra (Shoals:2)
  22 deep trolls
  15 ironbrand convokers
  An orange crystal statue (Shoals:1)
  39 harpies
  3 naga ritualists (Snake:4)
  4 phantasmal warriors
  17 deep elf archers
  Pikel (D:3)
  A shadow dragon zombie (Abyss:3)
  5 necromancers
  8 mana vipers
  15 orc knights
  14 orc sorcerers
  A shining eye (Slime:5)
  20 fauns
  A harpy (shapeshifter) (Vaults:1)
  12 salamanders
  7 oklob plants
  63 deep elf magi
  5 wolf spiders
  47 ugly things
  9 cyclopes
  A cyclops (shapeshifter) (Depths:2)
  2 moths of wrath (shapeshifter)
  21 manticores
  A worldbinder (Abyss:3)
  4 guardian serpents
  3 rust devils
  6 water nymphs
  A frost giant skeleton (Depths:1)
  12 vault sentinels
  13 naga magi
  6 smoke demons
  9 elephants
  4 moths of wrath
  Maurice (D:12)
  29 black mambas
  An apocalypse crab (Abyss:3)
  10 merfolk sirens
  An ice statue (IceCv)
  A molten gargoyle (D:15)
  3 eyes of devastation (Slime:5)
  2 cane toads (shapeshifter)
  A stone giant skeleton (Abyss:3)
  An orange demon (Depths:3)
  9 cane toads
  A spriggan zombie (Hell)
  A yaktaur zombie (Depths:1)
  A komodo dragon (shapeshifter) (Depths:2)
  A hellion (Abyss:3)
  A yaktaur (shapeshifter) (Vaults:5)
  2 rime drakes
  7 tengu conjurers
  9 freezing wraiths
  46 yaktaurs
  12 ice devils
  A demonic crawler (Abyss:3)
  3 anaconda simulacra (IceCv)
  17 small abominations
  A tormentor (Depths:3)
  2 ancient zymes (Abyss:3)
  A hellwing (Abyss:3)
  8 komodo dragons
  3 red devils
  8 trolls
  A jumping spider (shapeshifter) (Vaults:4)
  43 saltlings
  A tengu simulacrum (Vaults:3)
  4 wind drakes
  10 polar bears
  19 merfolk
  A queen bee (Lair:2)
  19 hornets
  A wind drake (shapeshifter) (Vaults:2)
  85 slime creatures
  18 blink frogs
  A deep troll zombie (Depths:1)
  16 hippogriffs
  15 raiju
  An ettin zombie (Hell)
  10 snapping turtles
  17 dream sheep
  A hippogriff (shapeshifter) (Vaults:3)
  8 large abominations (Abyss:3)
  A human simulacrum (Vaults:3)
  A fire giant simulacrum (Vaults:3)
  13 water elementals
  13 spriggans
  3 air elementals
  A shadow (D:15)
  4 ynoxinuls (Abyss:3)
  25 yaks
  A spriggan (shapeshifter) (Depths:4)
  A dire elephant simulacrum (IceCv)
  A yak (shapeshifter) (D:14)
  4 wraiths
  8 humans (D:14)
  10 wyverns
  3 golden eyes
  11 fire elementals
  A tarantella (shapeshifter) (Vaults:3)
  7 basilisks
  A basilisk (shapeshifter) (Vaults:3)
  A human (shapeshifter) (Vaults:3)
  3 neqoxecs
  6 vampire mosquitoes
  2 chaos spawn
  3 iron troll simulacra (IceCv)
  A swamp worm (shapeshifter) (Vaults:1)
  6 insubstantial wisps (Abyss:3)
  3 harpy simulacra (IceCv)
  37 nagas
  A soldier ant (D:11)
  3 soldier ants (shapeshifter)
  14 wargs
  Duvessa (D:4)
  16 water moccasins
  3 acid dragons
  9 hydra simulacra (IceCv)
  A floating eye (shapeshifter) (Vaults:1)
  6 porcupines
  33 hell hounds
  A floating eye (Depths:4)
  A human skeleton (Depths:1)
  46 orc warriors
  4 ice beasts
  3 necrophages
  6 eyes of draining
  A cane toad skeleton (Hell)
  2 ettin simulacra
  An eye of draining (shapeshifter) (Vaults:2)
  6 sky beasts
  52 ogres
  14 black bears
  15 boggarts
  45 wolves
  13 centaurs
  8 crocodiles
  22 bullfrogs
  A big kobold (D:10)
  A gnoll sergeant (D:6)
  A glowing shapeshifter simulacrum (Vaults:3)
  Dowan (D:4)
  An earth elemental (Elf:3)
  3 wyvern skeletons
  6 scorpions
  39 killer bees
  13 wights
  3 howler monkeys
  3 electric eels
  8 lava snakes (Snake:4)
  3 crimson imps
  4 centaur zombies
  A quasit (Depths:3)
  5 draconian simulacra (IceCv)
  5 jellies
  4 centaur skeletons
  10 hounds
  25 orc priests
  A bullfrog skeleton (D:9)
  5 iguanas
  An iron imp (Abyss:3)
  9 worker ants
  57 orc wizards
  A hell rat (Lair:2)
  2 polar bear simulacra (IceCv)
  A spriggan simulacrum (IceCv)
  Terence (D:2)
  A troll simulacrum (IceCv)
  A centaur simulacrum (IceCv)
  A hound skeleton (D:4)
  8 mummies (Ossuary)
  2 worker ant zombies
  11 gnolls
  A howler monkey skeleton (D:5)
  An ogre simulacrum (IceCv)
  14 adders
  2 naga simulacra (IceCv)
  A river rat (Lair:2)
  3 shadow imps
  19 white imps
  An ooze (D:2)
  7 ufetubi
  3 adder skeletons
  3 worms
  4 dart slugs
  5 leopard geckos
  160 orcs
  2 ball pythons (Snake:4)
  6 giant cockroaches
  7 goblins
  7 hobgoblins
  15 jackals
  7 kobolds
  5 quokkas
  6 bats
  4 hobgoblin zombies (Ossuary)
  2 kobold zombies (Ossuary)
  2 orc zombies (Ossuary)
  8 rats
  A bush (D:14)
  8 crawling corpses
  4 starspawn tentacles (Abyss:3)
  8 tentacles
2654 creatures vanquished.

Vanquished Creatures (collateral kills)
  A death ooze (Slime:5)
  A centaur skeleton (D:12)
  A sky beast (D:12)
3 creatures vanquished.

Vanquished Creatures (others)
  A quicksilver dragon (Zot:1)
  Kirke (Snake:4)
  A frost giant (Vaults:5)
  A deep elf demonologist (Elf:3)
  A deep elf annihilator (Elf:3)
  2 deep elf magi
  A wraith (Abyss:3)
  3 hogs (Snake:4)
  2 orc warriors (Vaults:5)
  An ogre (shapeshifter) (Vaults:5)
  A boggart (Depths:2)
  A centaur (D:12)
  An orc wizard (D:7)
  A white imp (Abyss:3)
  An orc (Orc:1)
  A ball python (Snake:2)
  42 fungi
  151 plants
  9 starspawn tentacles (Abyss:3)
  24 tentacles
  2 withered plants (D:10)
248 creatures vanquished.

Grand Total: 2905 creatures vanquished

Notes
Turn   | Place    | Note
-------+----------+-------------------------------------------
     0 | D:1      | necrosphere the Barachi Hunter began the quest for the Orb.
     0 | D:1      | Reached XP level 1. HP: 17/17 MP: 1/1
   465 | D:1      | Reached skill level 1 in Armour
   465 | D:1      | Reached XP level 2. HP: 23/23 MP: 2/2
  1189 | D:2      | Reached skill level 1 in Stealth
  1250 | D:2      | Reached skill level 1 in Short Blades
  1250 | D:2      | Reached XP level 3. HP: 17/28 MP: 3/3
  1376 | D:2      | Noticed Terence
  1388 | D:2      | Killed Terence
  1784 | D:2      | Reached XP level 4. HP: 34/34 MP: 4/4
  2105 | D:2      | Found a glowing golden altar of the Shining One.
  2482 | D:2      | Reached XP level 5. HP: 35/39 MP: 5/5
  3057 | D:2      | Found an opulent altar of Gozag.
  3238 | D:4      | Noticed a lemure
  3239 | D:4      | Noticed Pikel
  3239 | D:4      | Noticed a lemure
  3247 | D:4      | Noticed a lemure
  3256 | D:3      | Killed Pikel
  3256 | D:3      | Reached skill level 5 in Throwing
  3256 | D:3      | Reached XP level 6. HP: 42/46 MP: 6/6
  3256 | D:3      | Reached XP level 7. HP: 47/51 MP: 7/7
  3319 | D:4      | Reached skill level 5 in Crossbows
  3453 | D:4      | Noticed Dowan
  3454 | D:4      | Noticed Duvessa
  3820 | D:4      | Killed Duvessa
  3831 | D:4      | Killed Dowan
  4201 | D:4      | Found a burning altar of Makhleb.
  4492 | D:5      | Entered Level 5 of the Dungeon
  4516 | D:5      | Reached XP level 8. HP: 54/57 MP: 8/8
  4660 | D:5      | Reached skill level 1 in Shields
  5470 | D:6      | Reached skill level 5 in Fighting
  5492 | D:6      | Found a sand-covered staircase.
  5602 | Ossuary  | Entered an ossuary
  6164 | D:6      | Reached XP level 9. HP: 25/71 MP: 9/9
  6822 | D:6      | Found a staircase to the Ecumenical Temple.
  6894 | Temple   | Entered the Ecumenical Temple
  7960 | D:6      | Found an ancient bone altar of Kikubaaqudgha.
  8251 | D:7      | Noticed Harold
  8284 | D:7      | Killed Harold
  8284 | D:7      | Reached skill level 10 in Crossbows
  8703 | D:7      | Found Baaseriogh's Island Escapes.
  8712 | D:7      | Bought a scroll of teleportation for 33 gold pieces
  8752 | D:7      | Reached XP level 10. HP: 51/79 MP: 10/10
  8889 | D:7      | Found an iron altar of Okawaru.
  8901 | D:7      | Reached skill level 5 in Armour
  8909 | D:7      | Became a worshipper of Warmaster Okawaru
  9491 | D:7      | Noticed a cyclops
  9655 | D:7      | Killed a cyclops
  9754 | D:7      | Reached * piety under Okawaru
  9920 | D:7      | Reached skill level 1 in Evocations
 10025 | D:8      | Noticed a two-headed ogre
 10226 | D:8      | Reached skill level 1 in Polearms
 10511 | D:8      | Paralysed by a hornet for 3 turns
 10827 | D:8      | Killed a two-headed ogre
 10827 | D:8      | Reached ** piety under Okawaru
 10827 | D:8      | Reached skill level 5 in Evocations
 11605 | D:8      | Found a white marble altar of Elyvilon.
 11606 | D:8      | Found a shadowy altar of Dithmenos.
 11607 | D:8      | Found a sparkling altar of Nemelex Xobeh.
 12054 | D:8      | Reached XP level 11. HP: 75/84 MP: 11/11
 12454 | D:9      | Found a flagged portal.
 12485 | Bailey   | Entered a bailey
 12634 | Bailey   | Reached *** piety under Okawaru
 12791 | Bailey   | Noticed an orc knight
 12808 | Bailey   | Killed an orc knight
 12824 | Bailey   | Noticed an orc knight
 12861 | Bailey   | Killed an orc knight
 13409 | D:9      | Got a crude hand crossbow
 13410 | D:9      | Identified the +7 hand crossbow "Rygiy" {flame, +Blink
                  | Int+3 Dex+2} (You found it on level 9 of the Dungeon)
 13802 | D:9      | Noticed a manticore
 13808 | D:9      | Killed a manticore
 13935 | D:9      | Got a translucent leather armour
 13946 | D:9      | Identified the +1 leather armour of Terror {MP+9 Stlth+}
                  | (You found it on level 9 of the Dungeon)
 13976 | D:10     | Entered Level 10 of the Dungeon
 13976 | D:10     | Found a runed translucent door.
 13976 | D:10     | Noticed haldagan's ghost (journeyman KoBr)
 14154 | D:10     | Reached **** piety under Okawaru
 14246 | D:10     | Noticed a two-headed ogre
 14250 | D:10     | Killed a two-headed ogre
 14355 | D:10     | Found a staircase to the Lair.
 14688 | D:11     | Noticed a manticore
 14692 | D:11     | Killed a manticore
 14692 | D:11     | Reached skill level 1 in Invocations
 14747 | D:11     | Reached ***** piety under Okawaru
 15042 | D:11     | Noticed a two-headed ogre
 15049 | D:11     | Killed a two-headed ogre
 15107 | D:11     | Reached XP level 12. HP: 97/97 MP: 15/15
 15662 | D:12     | Reached skill level 5 in Invocations
 15941 | D:12     | Noticed a two-headed ogre
 15952 | D:12     | Killed a two-headed ogre
 15964 | D:12     | Noticed a two-headed ogre
 15971 | D:12     | Killed a two-headed ogre
 15971 | D:12     | Received a gift from Okawaru
 15971 | D:12     | Noticed Maurice
 15974 | D:12     | Killed Maurice
 16184 | D:12     | Received a gift from Okawaru
 16781 | D:12     | Found a staircase to the Orcish Mines.
 17159 | D:13     | Reached skill level 10 in Fighting
 17358 | D:13     | Received a gift from Okawaru
 17549 | D:13     | Noticed a four-headed hydra
 17553 | D:13     | Killed a four-headed hydra
 18092 | Orc:1    | Entered Level 1 of the Orcish Mines
 18103 | Orc:1    | Noticed a sun demon
 18522 | D:12     | Noticed a sun demon
 18897 | Orc:1    | Gained mutation: You can hop long distances. [Barachi
                  | growth]
 18897 | Orc:1    | Reached XP level 13. HP: 109/109 MP: 19/19
 19116 | Orc:1    | Found Sutharipn's Assorted Antiques.
 19137 | Orc:1    | Bought an encrusted chain mail for 294 gold pieces
 19147 | Orc:1    | Identified the cursed +0 chain mail "Adeny" {Rampage Dex+6}
                  | (You bought it in a shop on level 1 of the Orcish Mines)
 19195 | Orc:1    | Noticed an orc warlord
 19215 | Orc:1    | Killed an orc warlord
 19728 | Orc:2    | Entered Level 2 of the Orcish Mines
 19739 | Orc:2    | Reached skill level 10 in Armour
 19763 | Orc:2    | Paralysed by an orc sorcerer for 6 turns
 19813 | Orc:2    | Paralysed by an orc sorcerer for 6 turns
 19821 | Orc:2    | Gained mutation: Armour fits poorly on your strangely
                  | shaped body. [a neqoxec]
 19823 | Orc:2    | Lost mutation: Armour fits poorly on your strangely shaped
                  | body. [potion of mutation]
 19823 | Orc:2    | Gained mutation: You tend to lose your temper in combat.
                  | [potion of mutation]
 19823 | Orc:2    | Gained mutation: You have very sharp teeth. [potion of
                  | mutation]
 19823 | Orc:2    | Gained mutation: Your muscles are strong. (Str +2) [potion
                  | of mutation]
 19823 | Orc:2    | Gained mutation: You are robust. (+10% HP) [potion of
                  | mutation]
 19842 | Orc:2    | Reached ****** piety under Okawaru
 20057 | Orc:2    | Received a gift from Okawaru
 20386 | Orc:2    | Found a staircase to the Elven Halls.
 20414 | Orc:2    | Received a gift from Okawaru
 20582 | Orc:2    | Found a roughly hewn altar of Beogh.
 20725 | Orc:2    | Found Nigiusosi's Jewellery Emporium.
 20725 | Orc:2    | Found Caepn's Armour Boutique.
 20841 | Orc:2    | Found Racofirph's Jewellery Emporium.
 20841 | Orc:2    | Found Uveeps's Magic Scroll Boutique.
 21216 | Orc:2    | Bought a scroll of silence for 82 gold pieces
 21216 | Orc:2    | Bought a scroll of teleportation for 33 gold pieces
 21216 | Orc:2    | Bought a scroll of blinking for 82 gold pieces
 21570 | Orc:2    | Bought a +2 pair of gloves for 214 gold pieces
 21570 | Orc:2    | Bought a +0 cloak of preservation for 149 gold pieces
 21790 | D:7      | Bought 2 scrolls of blinking for 165 gold pieces
 21790 | D:7      | Bought a potion of haste for 110 gold pieces
 21790 | D:7      | Bought a scroll of blinking for 82 gold pieces
 21790 | D:7      | Bought a scroll of blinking for 82 gold pieces
 21859 | Lair:1   | Entered Level 1 of the Lair of Beasts
 21864 | Lair:1   | Reached skill level 5 in Polearms
 22541 | Lair:1   | Reached skill level 1 in Long Blades
 22653 | Lair:1   | Received a gift from Okawaru
 22893 | Lair:1   | Reached XP level 14. HP: 129/129 MP: 20/20
 23027 | Lair:1   | You fall into a shaft and drop 1 floor!
 23084 | Lair:2   | Reached skill level 5 in Long Blades
 25611 | Lair:3   | Received a gift from Okawaru
 25787 | Lair:3   | Found a staircase to the Shoals.
 26309 | Lair:4   | Found a staircase to the Snake Pit.
 26318 | Lair:4   | Received a gift from Okawaru
 26484 | Lair:4   | Found a one-way gate to the infinite horrors of the Abyss.
 26484 | Lair:4   | Noticed Tiynuago's ghost (journeyman VSFi)
 26506 | Lair:4   | Identified the +7 trident "Orb Guardian's Death" {distort,
                  | rElec Str+5 Int+3 Stlth-}
 27183 | Lair:4   | Found a transporter.
 27189 | Lair:4   | Found a transporter.
 27593 | Lair:4   | Killed Tiynuago's ghost
 27595 | Lair:4   | Gained mutation: Your magical capacity is low. (-10% MP) [a
                  | neqoxec]
 27821 | Lair:5   | Received a gift from Okawaru
 27913 | Lair:5   | Noticed Nessos
 27923 | Lair:5   | Killed Nessos
 27923 | Lair:5   | Received a gift from Okawaru
 27923 | Lair:5   | Reached XP level 15. HP: 79/137 MP: 19/19
 28510 | Lair:5   | Got a fine tin amulet
 28521 | Lair:5   | Identified the amulet "Kiaz" {Faith Str+2 Dex-5 Slay+6}
                  | (You found it on level 5 of the Lair of Beasts)
 28522 | Lair:5   | Got a masterwork great sword
 28529 | Lair:5   | Identified the +5 great sword of Magnificence {venom, rElec
                  | MP+9 Dex+2 Stlth+} (You found it on level 5 of the Lair of
                  | Beasts)
 29236 | Lair:6   | Entered Level 6 of the Lair of Beasts
 29288 | Lair:6   | Found a staircase to the Slime Pits.
 29289 | Lair:6   | Found a viscous altar of Jiyva.
 29521 | Lair:6   | Reached skill level 10 in Long Blades
 30090 | Lair:6   | Received a gift from Okawaru
 30203 | Lair:6   | Received a gift from Okawaru
 30764 | Lair:6   | Received a gift from Okawaru
 32384 | D:14     | Got a jewelled leather armour
 32395 | D:14     | Identified the cursed +0 leather armour "Noanier" {rElec
                  | rCorr MP-9 SInv} (You found it on level 14 of the Dungeon)
 32492 | D:14     | Received a gift from Okawaru
 32725 | D:14     | Found a gate to the Vaults.
 32774 | D:14     | Reached XP level 16. HP: 111/146 MP: 20/20
 32949 | D:15     | Entered Level 15 of the Dungeon
 33013 | D:15     | Found a staircase to the Depths.
 33261 | D:15     | Reached skill level 15 in Crossbows
 33915 | D:15     | Found a white marble altar of Elyvilon.
 34376 | Snake:1  | Entered Level 1 of the Snake Pit
 35528 | Snake:2  | Received a gift from Okawaru
 35729 | Snake:2  | Noticed Saint Roka
 35729 | Snake:2  | Noticed Vashnia
 35747 | Snake:2  | Killed Saint Roka
 35754 | Snake:2  | Reached skill level 15 in Armour
 36263 | Snake:2  | Killed Vashnia
 36993 | Snake:2  | Noticed a nagaraja
 37002 | Snake:2  | Killed a nagaraja
 37002 | Snake:2  | Received a gift from Okawaru
 37783 | Snake:2  | Reached XP level 17. HP: 148/152 MP: 20/20
 38287 | Snake:3  | Found a runed translucent gate.
 38287 | Snake:3  | Found a runed translucent gate.
 38288 | Snake:3  | Found a runed translucent gate.
 38291 | Snake:3  | Noticed Plog's ghost (adept DrIE)
 38299 | Snake:3  | Received a gift from Okawaru
 38870 | Snake:3  | Identified the +0 kite shield of Leaves {rN+}
 38870 | Snake:3  | Noticed Donald
 38880 | Snake:3  | Killed Donald
 39257 | Snake:4  | Entered Level 4 of the Snake Pit
 39440 | Snake:4  | Found a white marble altar of Elyvilon.
 39458 | Snake:4  | Noticed Nikola
 39459 | Snake:4  | Noticed Kirke
 39461 | Snake:4  | Killed Kirke
 39468 | Snake:4  | Killed Nikola
 39479 | Snake:4  | Received a gift from Okawaru
 39523 | Snake:4  | Received a gift from Okawaru
 39539 | Snake:4  | Noticed Louise
 39561 | Snake:4  | Killed Louise
 39571 | Snake:4  | Got a twisted great sword {god gift}
 39572 | Snake:4  | Identified the +1 great sword "Jorch" {protect, rF+ Dex+3}
                  | (Okawaru gifted it to you on level 4 of the Snake Pit)
 40245 | Snake:4  | Identified the +9 falchion of Dullness {vorpal, Str+4
                  | Int+5}
 40462 | Snake:4  | Received a gift from Okawaru
 40708 | Snake:4  | Reached skill level 15 in Long Blades
 40924 | Snake:4  | Got a serpentine rune of Zot
 41545 | Elf:1    | Entered Level 1 of the Elven Halls
 41595 | Elf:1    | Reached XP level 18. HP: 140/160 MP: 18/21
 41754 | Elf:1    | Received a gift from Okawaru
 41955 | Elf:1    | Received a gift from Okawaru
 41966 | Elf:1    | Got a masterwork buckler {god gift}
 41972 | Elf:1    | Identified the +0 buckler of the Cobbler {rC+} (Okawaru
                  | gifted it to you on level 1 of the Elven Halls)
 42090 | Elf:1    | Identified Sif Muna's Handbook of Confrontation
 43156 | Elf:1    | Noticed a Hell Sentinel
 43205 | Elf:1    | Noticed Azrael
 43205 | Elf:1    | Noticed Frances
 43218 | Elf:1    | Killed Frances
 43225 | Elf:1    | Killed Azrael
 43232 | Elf:1    | Reached skill level 15 in Fighting
 43528 | Elf:1    | Noticed Agnes
 43529 | Elf:1    | Found Poash's Weapon Shoppe.
 43534 | Elf:1    | Killed Agnes
 44006 | Elf:2    | Received a gift from Okawaru
 44616 | Elf:2    | Received a gift from Okawaru
 44897 | Elf:2    | Found a runed translucent gate.
 44899 | Elf:2    | Found a runed translucent gate.
 44899 | Elf:2    | Found a runed translucent gate.
 45449 | Elf:3    | Entered Level 3 of the Elven Halls
 45790 | Elf:3    | Found a radiant altar of Vehumet.
 45802 | Elf:3    | Reached XP level 19. HP: 146/174 MP: 22/22
 46338 | Elf:3    | Received a gift from Okawaru
 47118 | Elf:3    | Received a gift from Okawaru
 47123 | Elf:3    | Reached skill level 5 in Dodging
 47517 | Elf:3    | Identified the amulet of the Shining Light {Faith Fragile
                  | rPois rC+++ Slay+3}
 47520 | Elf:3    | Noticed a Brimstone Fiend
 47527 | Elf:3    | Identified the +9 short sword of Deflation {protect,
                  | *Corrode +Blink +Rage}
 47968 | Elf:3    | Identified the +4 scale mail "Onoivioti" {rElec rPois rF+}
 48321 | Elf:3    | Identified the +4 battleaxe of Modern Gallantry {drain, rC+
                  | Str+3}
 48501 | Elf:3    | Found the +3 crown of Dyrovepreva {rElec Int+2 SInv}
 48535 | Elf:3    | Found the +6 arbalest "Damnation" {damnation}
 48594 | Elf:3    | Identified the Papyrus of Bewitchment and the Birds
 48617 | Elf:3    | Identified the Collected Works on Captivating Fire
 48893 | Elf:3    | Received a gift from Okawaru
 49784 | Shoals:1 | Entered Level 1 of the Shoals
 51182 | Shoals:2 | Noticed Aizul
 51194 | Shoals:2 | Killed Aizul
 51208 | Shoals:2 | Received a gift from Okawaru
 51640 | Shoals:2 | Found a runed translucent gate.
 51641 | Shoals:2 | Found a runed translucent gate.
 51641 | Shoals:2 | Noticed RedRedRas's ghost (journeyman SpDe)
 51642 | Shoals:2 | Found a runed translucent gate.
 51829 | Shoals:2 | Killed RedRedRas's ghost
 51848 | Shoals:2 | Got a scintillating wooden ring
 51850 | Shoals:2 | Identified the ring of Discretion {*Slow Str+3 Int+6 SInv}
                  | (You found it on level 2 of the Shoals)
 51959 | Shoals:2 | Received a gift from Okawaru
 51962 | Shoals:2 | Got a twisted chain mail {god gift}
 51973 | Shoals:2 | Identified the +0 chain mail of an ice cave {Harm *Corrode
                  | +Fly MR+} (Okawaru gifted it to you on level 2 of the
                  | Shoals)
 52056 | Shoals:2 | Identified a scroll of acquirement
 52057 | Shoals:2 | Acquired 4710 gold pieces
 52112 | Shoals:2 | Reached XP level 20. HP: 178/182 MP: 23/23
 53064 | Shoals:3 | Found a frozen archway.
 53266 | IceCv    | Entered an ice cave
 54636 | IceCv    | Found the +8 lance "Wyrmbane" {slay drac, rPois rF+ rC+
                  | AC+3}
 54719 | IceCv    | Got a crude demon whip
 54740 | Shoals:3 | Identified the +8 demon whip of Tomorrow {flame, rC++} (You
                  | found it in an ice cave)
 56170 | Shoals:4 | Entered Level 4 of the Shoals
 56342 | Shoals:4 | Received a gift from Okawaru
 56964 | Shoals:4 | Found a runed translucent gate.
 56965 | Shoals:4 | Found a runed translucent gate.
 56965 | Shoals:4 | Noticed Tinttamiau's ghost (adept DgCj)
 56966 | Shoals:4 | Found a runed translucent gate.
 57030 | Shoals:4 | Killed Tinttamiau's ghost
 57240 | Shoals:4 | Got a shimmering amber ring
 57245 | Shoals:4 | Identified the ring "Xoaryik" {rC+ EV+4} (You found it on
                  | level 4 of the Shoals)
 58247 | Shoals:4 | Got a barnacled rune of Zot
 59244 | Vaults:1 | Entered Level 1 of the Vaults
 59288 | Vaults:1 | Received a gift from Okawaru
 59297 | Vaults:1 | Reached XP level 21. HP: 133/189 MP: 24/24
 59328 | Vaults:1 | Received a gift from Okawaru
 59347 | Vaults:1 | Got a scorched chain mail {god gift}
 59399 | Vaults:1 | Found a ruined gateway.
 59418 | Vaults:1 | Identified the +3 chain mail of the Unseen Realm {Stlth+}
                  | (Okawaru gifted it to you on level 1 of the Vaults)
 59547 | Desolati | Entered the Desolation of Salt
 59875 | Desolati | Got a twitching granite ring
 59886 | Desolati | Identified the ring "Axyrayto" {+Fly rC+ Dex+3} (You found
                  | it in the Desolation of Salt)
 59899 | Desolati | Identified the Compendium of Summoning and Feathers
 59901 | Desolati | Identified Ruun's Papyrus of Toxic Darkness
 60249 | Desolati | Found the +5 robe of Misfortune {*Contam Harm *Corrode
                  | *Drain *Slow EV+5}
 60481 | Desolati | Got a faintly humming scale mail
 60491 | Desolati | Identified Zuysto's Compendium of Ashen Ice
 60669 | Desolati | Got a transparent steel ring
 61159 | Vaults:1 | Identified the ring "Iwe Solu" {rPois Int+6} (You found it
                  | in the Desolation of Salt)
 61542 | Vaults:1 | Received a gift from Okawaru
 62342 | Vaults:1 | Identified the +1 scale mail "Boytur" {rPois Int+4 Dex-5}
                  | (You found it in the Desolation of Salt)
 62436 | Vaults:1 | Noticed Asterion
 62804 | Vaults:1 | Received a gift from Okawaru
 62989 | Vaults:1 | Received a gift from Okawaru
 63203 | Vaults:1 | Killed Asterion
 63706 | Vaults:1 | Found Pudinwudd's Distillery.
 63710 | Vaults:1 | Bought a potion of might for 56 gold pieces
 63710 | Vaults:1 | Bought a potion of heal wounds for 70 gold pieces
 63710 | Vaults:1 | Bought a potion of heal wounds for 70 gold pieces
 63710 | Vaults:1 | Bought a potion of invisibility for 112 gold pieces
 63710 | Vaults:1 | Bought a potion of resistance for 140 gold pieces
 63710 | Vaults:1 | Bought a potion of heal wounds for 70 gold pieces
 63710 | Vaults:1 | Bought a potion of heal wounds for 70 gold pieces
 63710 | Vaults:1 | Bought a potion of curing for 42 gold pieces
 63710 | Vaults:1 | Bought a potion of curing for 42 gold pieces
 63710 | Vaults:1 | Bought a potion of invisibility for 112 gold pieces
 64549 | Vaults:2 | Received a gift from Okawaru
 65126 | Vaults:2 | Received a gift from Okawaru
 65140 | Vaults:2 | Reached XP level 22. HP: 206/206 MP: 25/25
 65499 | Vaults:2 | Received a gift from Okawaru
 65547 | Vaults:2 | HP: 7/207 [yaktaur/bolt[a vault warden] (7)]
 66044 | Vaults:2 | You are sucked into a shaft and drop 2 floors!
 66375 | Vaults:4 | Noticed Bai Suzhen
 66382 | Vaults:4 | Killed Bai Suzhen
 67480 | Vaults:4 | Found Lagug's Assorted Antiques.
 67490 | Vaults:4 | Bought a glowing scarf for 240 gold pieces
 68149 | Vaults:3 | Received a gift from Okawaru
 68288 | Vaults:3 | Found Fokka's Weapon Boutique.
 68289 | Vaults:3 | Found Monewk's Distillery.
 68307 | Vaults:3 | Paralysed by a hornet for 2 turns
 68722 | Vaults:3 | Found Afecokhlu's Jewellery Boutique.
 68732 | Vaults:3 | Bought a potion of haste for 200 gold pieces
 68732 | Vaults:3 | Bought a potion of haste for 200 gold pieces
 68732 | Vaults:3 | Bought a potion of mutation for 160 gold pieces
 68732 | Vaults:3 | Bought a potion of lignification for 60 gold pieces
 68732 | Vaults:3 | Bought 2 potions of heal wounds for 200 gold pieces
 69449 | Vaults:3 | You are sucked into a shaft and drop 1 floor!
 69551 | Vaults:3 | Received a gift from Okawaru
 69890 | Vaults:3 | Found a staircase to the Crypt.
 70093 | Vaults:3 | Found Wuupniru's Antique Weapon Shoppe.
 70208 | Vaults:3 | Received a gift from Okawaru
 70429 | Vaults:3 | Identified the Compendium of the Rocks and Evil
 71003 | Vaults:2 | Reached XP level 23. HP: 210/215 MP: 26/26
 71074 | Vaults:2 | Received a gift from Okawaru
 71544 | Depths:1 | Entered Level 1 of the Depths
 71867 | D:15     | Received a gift from Okawaru
 71868 | D:15     | Found the +27 Lear's hauberk
 72308 | Depths:1 | Reached skill level 10 in Dodging
 72976 | Depths:1 | Found a gateway to Hell.
 73332 | Depths:1 | Identified the Tome of Execration
 73472 | Depths:2 | Found a transporter.
 73881 | Depths:2 | Found a one-way gate leading to the halls of Pandemonium.
 73907 | Depths:2 | Found a transporter.
 73966 | Depths:2 | Received a gift from Okawaru
 74826 | Depths:2 | You fall into a shaft and drop 2 floors!
 74967 | Depths:3 | Found a gateway to a ziggurat.
 75143 | Depths:4 | Received a gift from Okawaru
 75422 | Depths:4 | Reached skill level 15 in Dodging
 75461 | Depths:4 | Noticed a juggernaut
 75473 | Depths:4 | Killed a juggernaut
 75473 | Depths:4 | Reached XP level 24. HP: 98/224 MP: 26/26
 75478 | Depths:4 | Received a gift from Okawaru
 75517 | Depths:4 | Noticed Frederick
 75867 | Depths:4 | Noticed a juggernaut
 75892 | Depths:4 | Killed a juggernaut
 76309 | Depths:4 | Killed Frederick
 76310 | Depths:4 | Noticed a caustic shrike
 76310 | Depths:4 | Noticed a caustic shrike
 76311 | Depths:4 | Noticed a caustic shrike
 76311 | Depths:4 | Noticed a caustic shrike
 76320 | Depths:4 | Killed a caustic shrike
 76324 | Depths:4 | Killed a caustic shrike
 76334 | Depths:4 | Killed a caustic shrike
 76342 | Depths:4 | Killed a caustic shrike
 76342 | Depths:4 | Received a gift from Okawaru
 76471 | Depths:4 | Noticed a caustic shrike
 76474 | Depths:4 | Killed a caustic shrike
 76888 | Depths:4 | Found the +8 Wrath of Trog {antimagic, *Rage}
 77326 | Depths:3 | Received a gift from Okawaru
 77689 | Depths:3 | Found Zaose's One-of-a-Kind Books.
 77898 | Depths:3 | Noticed Mennas
 77915 | Depths:3 | Killed Mennas
 79040 | Depths:3 | Reached XP level 25. HP: 231/231 MP: 26/26
 79241 | Depths:5 | Entered Level 5 of the Depths
 79682 | Depths:5 | Received a gift from Okawaru
 80044 | Depths:5 | Received a gift from Okawaru
 80074 | Depths:5 | Got a crude plate armour
 80075 | Depths:5 | Identified the cursed +0 plate armour "Sadogh" {Str+8 Dex+2
                  | Slay-2} (You found it on level 5 of the Depths)
 80108 | Depths:5 | Received a gift from Okawaru
 80111 | Depths:5 | Got a faintly humming cloak {god gift}
 80122 | Depths:5 | Identified the +1 cloak "Put-Me-On" {rElec rF- rN+ Str+4}
                  | (Okawaru gifted it to you on level 5 of the Depths)
 80591 | Depths:5 | Found a gate to the Realm of Zot.
 81281 | Vaults:5 | Entered Level 5 of the Vaults
 81318 | Vaults:5 | Received a gift from Okawaru
 81702 | Vaults:5 | Reached skill level 27 in Long Blades
 81718 | Vaults:4 | Received a gift from Okawaru
 81975 | Vaults:5 | Reached XP level 26. HP: 219/239 MP: 26/26
 81999 | Vaults:4 | Received a gift from Okawaru
 83112 | Vaults:5 | Received a gift from Okawaru
 83414 | Vaults:5 | Received a gift from Okawaru
 83663 | Vaults:5 | Received a gift from Okawaru
 84220 | Vaults:5 | Noticed an ancient lich
 84223 | Vaults:5 | Killed an ancient lich
 84223 | Vaults:5 | Received a gift from Okawaru
 84287 | Vaults:5 | Got a silver rune of Zot
 84623 | Vaults:5 | Identified the +6 great sword of Upniaff {vorpal, Stlth+}
 84643 | Vaults:5 | Identified Sif Muna's Papyrus of Evolution
 84958 | Vaults:3 | Bought the ring of Astratruz {+Fly Slay+3 Stlth-} for 554
                  | gold pieces
 85556 | Zot:1    | Entered Level 1 of the Realm of Zot
 85574 | Zot:1    | Received a gift from Okawaru
 85588 | Zot:1    | Received a gift from Okawaru
 85596 | Zot:1    | HP: 7/254 [storm dragon/bolt of lightning (9)]
 86056 | Zot:1    | Received a gift from Okawaru
 86448 | Depths:5 | Reached XP level 27. HP: 261/261 MP: 26/26
 86484 | Depths:5 | Received a gift from Okawaru
 86876 | Zot:1    | Noticed an orb of fire
 86877 | Zot:1    | Gained mutation: You are agile. (Dex +2) [an orb of fire]
 86880 | Zot:1    | Received a gift from Okawaru
 86890 | Zot:1    | Gained mutation: You often lose your temper in combat. [an
                  | orb of fire]
 86892 | Zot:1    | Lost mutation: You are agile. (Dex +2) [an orb of fire]
 86893 | Zot:1    | Gained mutation: Your spells are a little easier to cast,
                  | but a little less powerful. [an orb of fire]
 86895 | Zot:1    | Gained mutation: You have large cloven feet. [an orb of
                  | fire]
 86900 | Zot:1    | HP: 12/396 [deathcap/drain life[a curse toe] (20)]
 86901 | Zot:1    | Killed an orb of fire
 87503 | Zot:1    | Lost mutation: You are robust. (+10% HP) [potion of
                  | mutation]
 87503 | Zot:1    | Lost mutation: You have large cloven feet. [potion of
                  | mutation]
 87503 | Zot:1    | Lost mutation: You often lose your temper in combat.
                  | [potion of mutation]
 87503 | Zot:1    | Gained mutation: You are partially covered in large bone
                  | plates. (SH +4) [potion of mutation]
 87503 | Zot:1    | Gained mutation: Your system is resistant to poisons.
                  | (rPois) [potion of mutation]
 87562 | Zot:2    | Received a gift from Okawaru
 87965 | Orc:1    | Bought a scroll of enchant armour for 232 gold pieces
 87965 | Orc:1    | Bought a scroll of enchant armour for 232 gold pieces
 88357 | Slime:1  | Entered Level 1 of the Pits of Slime
 88489 | Slime:3  | Received a gift from Okawaru
 88684 | Slime:5  | Entered Level 5 of the Pits of Slime
 89020 | Slime:5  | Noticed the Royal Jelly
 89062 | Slime:5  | Killed the Royal Jelly
 89109 | Slime:5  | Received a gift from Okawaru
 89431 | Slime:5  | Got a slimy rune of Zot
 90428 | Temple   | Fell from the grace of Okawaru
 90428 | Temple   | Became a worshipper of Zin the Law-Giver
 90428 | Temple   | Reached * piety under Zin
 90428 | Temple   | Reached ** piety under Zin
 90428 | Temple   | Reached *** piety under Zin
 90676 | Hell     | Entered the Vestibule of Hell
 90676 | Hell     | Noticed Geryon
 91591 | Hell     | Reached skill level 27 in Fighting
 91851 | Hell     | Cast into level 3 of the Abyss (reaper)
 92004 | Abyss:3  | Reached **** piety under Zin
 92159 | Abyss:3  | Reached skill level 10 in Invocations
 92178 | Abyss:3  | Found a roughly hewn altar of Beogh.
 92264 | Hell     | Escaped the Abyss
 92265 | Hell     | Slain by a reaper

Illustrated notes

Levels and vault maps discovered:
D:1:      dpeg_arrival_erosion, layout_basic
D:2:      layout_loops_ring, nicolae_tso_carved_into_rock,
          nicolae_overflow_hidden_temple, uniq_terence
D:3:      layout_basic
D:4:      layout_loops_cross, bloody_makhleb, kennysheep_generic_room_12,
          uniq_duvessa, uniq_pikel
D:5:      layout_basic
D:6:      layout_layer_cave, lemuel_coloured_pillars_altar,
          minmay_temple_entry_trees, enter_ossuary_2, hex_large
D:7:      layout_basic, kennysheep_little_box, nicolae_island_escapes,
          uniq_harold
D:8:      layout_cave_pools, chequers_temple_overflow_statue_of_worship
D:9:      layout_loops_ring, enter_bailey_6, minmay_microvault
D:10:     layout_basic, grunt_lair_entry_orc_guard_hut, gammafunk_ghost_grave,
          minmay_fire_ice_demons
D:11:     layout_basic, st_stairs_5
D:12:     layout_roguey [special_room_orc], david_orc_2, uniq_maurice
D:13:     layout_irregular_city
D:14:     layout_cave_pods, ximxim_vaults_locker_room, serial_park_square1
          [serial_park_minivault_5x5_3], serial_park, serial_park_square3
          [serial_park_minivault_5x5_3]
D:15:     grunt_enter_depths_snipers, layout_long_grid, nicolae_lava_and_water,
          lemuel_tele_altar
Temple:   eino_narrow_crystal_temple
Lair:1:   layout_cellular_growth, minivault_19
Lair:2:   hangedman_what_comes_after_a, layout_gridlike, st_stairs_7,
          grunt_forest_large_clearings
Lair:3:   layout_loops_ring, shoals_dummy_entry, grunt_megastairs_4
Lair:4:   layout_hall_layers, minmay_snake_entry_guardpost_small,
          gammafunk_ghost_abyssal_escape, grunt_megastairs_3,
          minmay_lair_oklob_chamber, lemuel_fruit_tree
Lair:5:   dragon1_lemuel, layout_gridlike, grunt_megastairs_5, uniq_nessos
Lair:6:   hangedman_lair_caniforms_friends, layout_cave_pods, slime_altar_1,
          minivault_23
Shoals:1: layout_shoals, dpeg_stationary_puzzle
Shoals:2: layout_shoals, ebering_ghost_davey_jones, hangedman_shoals_cup_caves,
          uniq_aizul
Shoals:3: layout_shoals, portal_ice_cave_entry_dragon, kb_tengu_band
Shoals:4: shoals_end_hangedman, layout_shoals, ebering_ghost_davey_jones
Snake:1:  layout_misc_corridors
Snake:2:  layout_honeycomb, serial_bayou_pond_e, minmay_snake_pond,
          uniq_saint_roka, uniq_vashnia
Snake:3:  layout_cave_pods, ebering_ghost_rock_garden, serial_bayou_shore_a,
          uniq_donald
Snake:4:  minmay_snake_end_coiled, layout_cave_town, basic_altar,
          nicolae_snake_lava_pool, uniq_louise, uniq_kirke, uniq_nikola
Slime:1:  layout_caves
Slime:2:  layout_caves, cheibrodos_slime_lost_civilization_7
Slime:3:  layout_caves
Slime:4:  layout_caves
Slime:5
Orc:1:    layout_caves, serial_shops, shop_statue
Orc:2:    st_orc_town, layout_caves, guppyfry_library_mini
Elf:1:    layout_geoelf_grid, special_room [special_room_mythical_zoo],
          serial_shops, nicolae_shop_trees, minmay_elf_annihilation, uniq_agnes,
          uniq_azrael, uniq_frances
Elf:2:    layout_loops_cross
Elf:3:    elf_hall_gauntlet_narrow, layout_loops_corners, basic_altar
Vaults:1: vaults_standard_mumra_x, ontoclasm_vaults_bender,
          vaults_mumra_hexcomb, v_rooms_6, vaults_room_semicircle, v_misc_12,
          nicolae_vaults_network_quinsquares
          [nicolae_vaults_network_quincunx_subvault,
          nicolae_vaults_network_quincunx_subvault,
          nicolae_vaults_network_quincunx_subvault,
          nicolae_vaults_network_quincunx_subvault], vaults_room_octagon,
          v_misc_15, ontoclasm_vaults_shuriken, dpeg_vaults_waves,
          nicolae_vaults_yaktaur_gun_rack, vaults_room_ringed_pool,
          layout_vaults_maze_snakey, serial_shops,
          nicolae_shop_temple_entry_statues_fountains,
          portal_desolation_entry_nicolae_nacl, uniq_asterion
Vaults:2: v_misc_29, nicolae_vaults_ring_of_whatevers, nicolae_vaults_network_s,
          hangedman_vaults_snaps, v_misc_8, v_misc_8,
          nicolae_vaults_circle_grid_a, ontoclasm_vaults_fault, v_alt_pattern_4,
          nicolae_vaults_border_crossing, v_misc_31, layout_vaults_big_room
Vaults:3: minmay_crypt_entry_simple_sparse, hangedman_vaults_river_flow,
          v_pattern_3, nicolae_vaults_windows_and_doors_thing,
          ontoclasm_vaults_spin, grunt_vaults_hallway_long,
          hangedman_vaults_hard_town_square, vaults_room_door_ring,
          ontoclasm_vaults_decontamination, v_rooms_6, vaults_dpeg_hooks,
          nicolae_vaults_what_the_h, vaults_dpeg_encased_lava,
          layout_vaults_omnicross, serial_shops, shop
Vaults:4: v_misc_8, nicolae_vaults_network_barrier, v_pattern_1,
          vaults_standard_mumra_enter_the_diamond,
          nicolae_vaults_little_squares_2, hangedman_vaults_pinch,
          nicolae_vaults_little_squares_1, nicolae_vaults_shelves_hall,
          ontoclasm_vaults_pinch, nicolae_vaults_three_branches,
          layout_vaults_omnigrid, serial_shops, shop_statue, uniq_bai_suzhen
Vaults:5: serial_shops
Depths:1: layout_cave_pools, hell_entry, serial_bayou_pond_d,
          hangedman_research_probablistics
Depths:2: gammafunk_its_a_trap, layout_gridville, skrybe_limestone_x,
          hangedman_coc_ice_floe, pan_entry, abandoned_shop,
          infiniplex_staircase_squiggle
Depths:3: kennysheep_spiral_hall, layout_basic, enter_ziggurat_a,
          grunt_hell_horde, grunt_pan_entry_spiral, minmay_misc_feat_enclosed,
          abyss_entry, nicolae_rare_books, minmay_door_square,
          infiniplex_staircase_zigzag_2, uniq_mennas
Depths:4: minmay_quarter_circles, layout_basic, hellmouth_1, hex_tiny,
          abyss_entry, minmay_guarded_unrand_wrath_of_trog,
          infiniplex_staircase_spiral, uniq_frederick
Depths:5: grunt_zot_entry_gee_three, layout_long_grid, grunt_hell_entry_dis_mu,
          solitary_fountain, lightli_minifort
Hell
Zot:1:    layout_onion_interference
Zot:2:    layout_cathedral_of_symmetry, hangedman_player_shredder

Skill      XL: |  1  2  3  4  5  6  7  8  9 10 11 12 13 14 15 16 17 18 19 20 21 22 23 24 25 26 27 |
---------------+----------------------------------------------------------------------------------+-----
Armour         | 1 3 7 10 13 16 17 18 20 21 | 21.4
Stealth        | 1 |  1.0
Short Blades   | 1 |  1.2
Throwing       | 5 |  5.7
Crossbows      | 6 10 12 14 15 16 18 | 18.2
Shields        | 4 |  4.0
Fighting       | 6 7 9 12 13 14 16 19 20 24 27 | 27.0
Evocations     | 6 7 |  7.9
Polearms       | 2 4 5 6 7 |  7.0
Invocations    | 4 8 10 | 10.9
Long Blades    | 4 8 10 15 17 21 24 27 | 27.0
Dodging        | 9 15 16 | 16.3

Action                   |  1- 3 |  4- 6 |  7- 9 | 10-12 | 13-15 | 16-18 | 19-21 | 22-24 | 25-27 || total
-------------------------+-------+-------+-------+-------+-------+-------+-------+-------+-------++-------
Melee: Short sword       |    97 |    94 |    67 |       |       |       |       |       |       ||   258
       Whip              |       |       |   177 |   112 |       |       |       |       |       ||   289
       Hand crossbow     |       |       |     1 |       |       |       |       |       |       ||     1
       Flail             |       |       |       |   120 |    57 |       |       |       |       ||   177
       Trident           |       |       |       |    81 |       |       |       |       |       ||    81
       Bite              |       |       |       |       |    35 |    45 |   157 |   206 |   194 ||   637
       Double sword      |       |       |       |       |   153 |   172 |    83 |       |       ||   408
       Great sword       |       |       |       |       |    46 |       |       |       |       ||    46
       Triple sword      |       |       |       |       |       |    23 |   576 |   856 |   868 ||  2323
       Lance             |       |       |       |       |       |       |     4 |    50 |    28 ||    82
 Fire: Hand crossbow     |    13 |    20 |   189 |   561 |  1038 |   871 |   604 |   207 |    70 ||  3573
       Arbalest          |       |       |       |       |       |       |    82 |   126 |   200 ||   408
Throw: Dart              |       |       |    66 |    57 |       |       |       |       |       ||   123
       Javelin           |       |       |    11 |    25 |     9 |    24 |       |     7 |     2 ||    78
       Boomerang         |       |       |       |     3 |       |       |       |       |       ||     3
       Throwing net      |       |       |       |     2 |       |       |       |       |       ||     2
Invok: Heroism           |       |       |       |       |       |     4 |     1 |     2 |     3 ||    10
       Finesse           |       |       |       |       |       |     3 |     1 |     1 |     4 ||     9
 Abil: Hop               |     1 |       |     2 |    19 |    10 |    12 |     9 |     8 |     8 ||    69
       Evoke Blink       |       |       |       |     4 |     1 |     2 |       |       |       ||     7
Evoke: Wand              |       |       |     2 |    10 |     3 |    11 |     1 |     4 |       ||    31
       Condenser vane    |       |       |       |       |     6 |     3 |     5 |     1 |     3 ||    18
       Phantom mirror    |       |       |       |       |       |     1 |       |       |     1 ||     2
       Tin of tremorston |       |       |       |       |       |       |       |       |     3 ||     3
  Use: Scroll            |       |       |    19 |    14 |     5 |     4 |    16 |       |    25 ||    83
       Potion            |       |       |     5 |     3 |     1 |     4 |     2 |     6 |    10 ||    31
Armor: Leather armour    |    34 |       |       |       |       |       |       |       |       ||    34
       Scale mail        |     1 |    45 |   150 |   298 |   392 |   134 |   422 |   229 |       ||  1671
       Skin              |       |       |    43 |       |     4 |       |       |       |       ||    47
       Plate armour      |       |       |       |       |       |   191 |       |       |       ||   191
       Chain mail        |       |       |       |       |       |       |       |   395 |   288 ||   683
       Crystal plate arm |       |       |       |       |       |       |       |       |   134 ||   134
       Gold dragon scale |       |       |       |       |       |       |       |       |   325 ||   325
Dodge: Dodged            |    77 |    61 |   185 |   289 |   372 |   267 |   647 |   690 |   814 ||  3402
Block: Buckler           |       |       |    31 |   150 |   131 |    94 |    21 |       |       ||   427
       Reflection        |       |       |       |       |     1 |       |       |       |       ||     1
       Other             |       |       |       |       |       |       |       |       |    74 ||    74
       Rpst.: Double sword |       |       |       |       |    44 |    19 |     4 |       |       ||    67
       Great sword       |       |       |       |       |    20 |       |       |       |       ||    20
       Triple sword      |       |       |       |       |       |     6 |   111 |   136 |   144 ||   397

Table legend: (Time is in decaauts)
 A = Elapsed time spent in this place.
 B = Non-inter-level travel time spent in this place.
 C = Inter-level travel time spent in this place.
 D = Time resting spent in this place.
 E = Time spent auto-exploring this place.
 F = Levels seen in this place.
 G = Mean time per level.
                   A        B        C        D        E       F      G
               +--------+--------+--------+--------+--------+-----+--------+
         Total |  99900 |  92123 |   7777 |  21483 |  53251 |  58 | 1722.4 |
       Dungeon |  25185 |  21733 |   3452 |   3329 |  14087 |  15 | 1679.0 |
        Temple |    227 |    193 |     34 |      0 |    190 |   1 |  227.0 |
          Lair |  11378 |   9793 |   1585 |    517 |   7526 |   6 | 1896.3 |
        Shoals |   8259 |   8061 |    198 |   2323 |   4642 |   4 | 2064.8 |
     Snake Pit |   7253 |   6972 |    281 |   1033 |   4799 |   4 | 1813.2 |
    Slime Pits |   1851 |   1806 |     45 |    981 |    328 |   5 |  370.2 |
  Orcish Mines |   3595 |   3077 |    518 |     30 |   2135 |   2 | 1797.5 |
   Elven Halls |   8448 |   8143 |    305 |   2559 |   4402 |   3 | 2816.0 |
        Vaults |  15525 |  14797 |    728 |   4540 |   7811 |   5 | 3105.0 |
        Depths |  12091 |  11498 |    593 |   4226 |   5143 |   5 | 2418.2 |
          Hell |     33 |     33 |      0 |      0 |      0 |   1 |   33.0 |
           Zot |   1024 |    989 |     35 |    635 |    208 |   2 |  512.0 |
         Abyss |    421 |    421 |      0 |      4 |     25 |   1 |  421.0 |
       Ossuary |    524 |    524 |      0 |    178 |    194 |   1 |  524.0 |
        Bailey |    774 |    774 |      0 |    124 |    325 |   1 |  774.0 |
      Ice Cave |   1558 |   1558 |      0 |    376 |    956 |   1 | 1558.0 |
    Desolation |   1749 |   1749 |      0 |    623 |    473 |   1 | 1749.0 |
               +--------+--------+--------+--------+--------+-----+--------+

Top non-repeatable levels by time:
   Elf:3: 4289 daAuts
Vaults:4: 4011 daAuts
Vaults:1: 3570 daAuts
Vaults:3: 3280 daAuts
Depths:5: 3187 daAuts
Vaults:2: 2940 daAuts
Shoals:4: 2931 daAuts
   Elf:1: 2767 daAuts
Depths:4: 2676 daAuts
Depths:1: 2632 daAuts
     D:7: 2469 daAuts
  Lair:2: 2463 daAuts
   Orc:2: 2342 daAuts
  Lair:6: 2290 daAuts
     D:6: 2268 daAuts
